 Dungeon Crawl Stone Soup version 0.25-b1-37-g2669288c55 (webtiles) character file.

Game seed: 744252312979668771

185 lepoulpe303 the Chiller (level 5, -1/37 HPs)
             Began as a Merfolk Ice Elementalist on June 5, 2020.
             Slain by an ogre
             ... wielding a +0 giant club
              (24 damage)
             ... on level 3 of the Dungeon.
             The game lasted 00:12:03 (3790 turns).

lepoulpe303 the Chiller (Merfolk Ice Elementalist)  Turns: 3790, Time: 00:12:04

Health: -1/37      AC:  3    Str:  8    XL:     5   Next: 64%
Magic:  6/9        EV: 14    Int: 15    God:
Gold:   119        SH:  0    Dex: 15    Spells: 3/10 levels left

rFire    . . .     SeeInvis .   a - +0 spear
rCold    . . .     Gourm    .   (no shield)
rNeg     . . .     Faith    .   k - +0 robe
rPois    .         Spirit   .   (no helmet)
rElec    .         Reflect  .   (no cloak)
rCorr    .         Harm     .   v - +0 pair of gloves
MR       .....                  (no boots)
Stlth    ++........             (no amulet)
HPRegen  0.12/turn              (no ring)
MPRegen  0.11/turn              (no ring)

@: frozen ramparts
A: change form in water, swift swim, stealthy swim
a: no special abilities


You were on level 3 of the Dungeon.
You were not hungry.

You visited 1 branch of the dungeon, and saw 4 of its levels.

You collected 119 gold pieces.

Inventory:

Hand Weapons
 a - a +0 spear (weapon)
Missiles
 q - 17 poisoned darts
Armour
 k - a +0 robe (worn)
 l - a +0 buckler
 v - a +0 pair of gloves (worn)
Jewellery
 d - a +4 ring of evasion {unknown}
 j - an uncursed amulet of faith {unknown}
Scrolls
 b - 2 scrolls of teleportation {unknown}
 c - 2 scrolls of immolation {!r}
 f - a scroll of fear {unknown}
 m - a scroll of enchant armour {unknown}
 o - 2 scrolls of fog {unknown}
 r - 5 scrolls of identify {unknown}
 t - a scroll of amnesia {unknown}
Potions
 g - a potion of magic {unknown}
 h - 2 potions of invisibility {unknown}
 i - 2 potions of flight {unknown}
 n - 4 potions of curing {unknown}
 p - a potion of stabbing {unknown}
 s - a potion of lignification {unknown}
Comestibles
 e - 5 rations
 u - 2 chunks of flesh


   Skills:
 + Level 1.2 Fighting
 + Level 1.7 Polearms
 + Level 3.6 Dodging
 - Level 3.1 Stealth
 + Level 0.8 Shields
 * Level 3.1 Spellcasting
 + Level 0.0 Charms
 * Level 5.3 Ice Magic


You had 3 spell levels left.
You knew the following spells:

 Your Spells              Type           Power        Failure   Level  Hunger
a - Freeze                Ice            ###.         2%          1    #......
b - Frozen Ramparts       Ice            ###...       7%          3    ###....
A - Ozocubu's Armour      Chrm/Ice       ##......     21%         3    ###....

Your spell library contained the following spells:

 Spells                   Type           Power        Failure   Level  Hunger
 Hailstorm                Conj/Ice       ##......     54%         4    #####..
 Summon Ice Beast         Ice/Summ       ##......     54%         4    #####..


Dungeon Overview and Level Annotations

Branches:
Dungeon (4/15)
 Temple: D:4-7

Altars:


Message History

The frozen ramparts melt away.
You climb upwards.
There is a stone staircase leading down here.
You see here a chain mail.
There is a stone staircase leading up here.
The walls around you are covered in ice.
The wall freezes the ogre.
The ogre hits you with a +0 giant club!
* * * LOW HITPOINT WARNING * * *
You take 14 damage, and have 22/37 hp.
MASSIVE DAMAGE!!
You now have 5/9 mp.
The wall freezes the ogre.
The wall freezes the ogre.
The wall freezes the ogre.
The wall freezes the ogre.
You barely miss the ogre. You hit the ogre.
The wall freezes the ogre.
The ogre closely misses you.
You hit the ogre.
The wall freezes the ogre.
The ogre hits you with a +0 giant club!!
Ouch! That really hurt!
You die...

##############
######.............
#......########....
#.###### #.### #.#
#.# #.# #.# # #.#
#.###
##.#############.##.
#..@O...<...[.......
#..########.........
#..# #..##..... #..#
#..##.....
#..########..##.....
#..##........##.....
#..##.#####..##>....
#..##.#####..######.
#.....(..##..#######


You could see an ogre.

Levels and vault maps discovered:
D:1:      wander_arrival_estate, layout_loops_ring
D:2:      layout_basic
D:3:      layout_loops_ring, chequers_ecumenical_altar_island
D:4:      layout_cave_pools, first_ration, grunt_qazlal_clouds

Notes
Turn   | Place    | Note
-------+----------+-------------------------------------------
     0 | D:1      | lepoulpe303 the Merfolk Ice Elementalist began the quest
                  | for the Orb.
     0 | D:1      | Reached XP level 1. HP: 13/13 MP: 3/3
    46 | D:1      | Identified a +0 club
   291 | D:1      | Identified a +0 club
   295 | D:1      | Reached XP level 2. HP: 14/19 MP: 1/5
   441 | D:1      | Identified a +0 club
   587 | D:1      | Reached skill level 3 in Dodging
   628 | D:1      | Identified a +0 short sword (You found it on level 1 of the
                  | Dungeon)
   670 | D:1      | Identified a +0 spear (You found it on level 1 of the
                  | Dungeon)
   673 | D:1      | Identified a +0 club
   720 | D:1      | Identified a +0 club
   796 | D:1      | Identified a +0 short sword
  1035 | D:2      | Reached XP level 3. HP: 9/24 MP: 3/6
  1223 | D:2      | Identified a +0 dagger
  1244 | D:2      | Identified 2 scrolls of immolation
  1549 | D:2      | HP: 6/25 [leopard gecko (1)]
  1873 | D:2      | Reached XP level 4. HP: 21/31 MP: 2/7
  1881 | D:2      | Learned a level 3 spell: Frozen Ramparts
  1968 | D:2      | Reached skill level 1 in Polearms
  1968 | D:2      | Reached skill level 5 in Ice Magic
  2014 | D:2      | Identified a +0 club
  2386 | D:2      | Reached skill level 1 in Fighting
  2412 | D:2      | Identified a +0 club
  2440 | D:2      | Reached XP level 5. HP: 34/37 MP: 9/9
  2445 | D:2      | Learned a level 3 spell: Ozocubu's Armour
  2569 | D:3      | Identified a +0 club
  2693 | D:3      | Found a faded altar of an unknown god.
  2812 | D:3      | Identified a +0 club
  2831 | D:3      | Reached skill level 3 in Spellcasting
  2853 | D:3      | Reached skill level 3 in Stealth
  3209 | D:3      | Identified a +0 mace
  3209 | D:3      | Identified a +0 chain mail
  3266 | D:3      | Identified a +0 club
  3340 | D:3      | Identified a +0 spear
  3373 | D:3      | HP: 9/37 [gnoll (6)]
  3730 | D:3      | Identified a +0 pair of gloves (You found it on level 3 of
                  | the Dungeon)
  3755 | D:4      | Identified a +0 short sword
  3755 | D:4      | Identified a +0 giant club
  3755 | D:4      | Noticed an ogre
  3760 | D:4      | Identified a +0 club
  3768 | D:4      | Identified a +0 flail
  3790 | D:3      | Slain by an ogre

Table legend:
 A = Turns spent in this place as a percentage of turns spent in the entire game.
 B = Non-inter-level travel turns spent in this place as a percentage of non-inter-level travel turns spent in the entire game.
 C = Inter-level travel turns spent in this place as a percentage of turns spent in this place.
 D = Turns resting spent in this place as a percentage of non-inter-level travel turns spent in this place.
 E = Turns spent auto-exploring this place as a percentage of non-inter-level travel turns spent in this place.
 F = Non-inter-level travel turns spent in this place divided by the number of levels of this place that you've seen.
                   A       B       C       D       E      F
               +-------+-------+-------+-------+-------+----------------------
         Total | 100.0 | 100.0 |   5.1 |  43.9 |  35.0 | 899.0
       Dungeon | 100.0 | 100.0 |   5.1 |  43.9 |  35.0 | 899.0
               +-------+-------+-------+-------+-------+----------------------

Table legend:
 A = Kills in this place as a percentage of kills in entire the game.
 B = Kills by you in this place as a percentage of kills by you in the entire game.
 C = Kills by friends in this place as a percentage of kills by friends in the entire game.
 D = Other kills in this place as a percentage of other kills in the entire game.
 E = Experience gained in this place as a percentage of experience gained in the entire game.
 F = Experience gained in this place divided by the number of levels of this place that you have seen.
                   A       B       C       D       E      F
               +-------+-------+-------+-------+-------+----------------------
         Total | 100.0 | 100.0 |   N/A |   N/A | 100.0 |  66.2
       Dungeon | 100.0 | 100.0 |   N/A |   N/A | 100.0 |  66.2
               +-------+-------+-------+-------+-------+----------------------

Skill      XL: |  1  2  3  4  5 |
---------------+----------------+-----
Dodging        | 3 |  3.6
Polearms       | 1 |  1.7
Ice Magic      | 5 |  5.3
Fighting       | 1 |  1.2
Spellcasting   | 3 |  3.1
Stealth        | 3 |  3.1
Shields        | |  0.8

Action                   |  1- 3 |  4- 6 || total
-------------------------+-------+-------++-------
Melee: Unarmed           |     4 |       ||     4
       Spear             |    68 |   164 ||   232
 Cast: Freeze            |    29 |    13 ||    42
       Frozen Ramparts   |       |     4 ||     4
  Use: Scroll            |     1 |       ||     1
 Stab: Sleeping          |     3 |     9 ||    12
  Eat: Chunk             |     3 |     7 ||    10
Armor: Robe              |     6 |    14 ||    20
Dodge: Dodged            |    51 |   118 ||   169

Vanquished Creatures
  3 gnolls (D:3)
  8 adders
  A dart slug (D:2)
  8 leopard geckos
  3 orcs
  2 giant cockroaches
  7 hobgoblins
  10 jackals
  2 quokkas
  2 bats (D:3)
  4 frilled lizards
  9 goblins
  4 kobolds (D:1)
  10 rats
73 creatures vanquished.
